[Event "Titled Tuesday Blitz February 15 Early 2022"]
[White "Tissir, Mohamed"]
[Black "Dew, Brian"]
[WhiteFideId "9000240"]
[BlackFideId "6000495"]
[WhiteElo "2464"]
[BlackElo "2118"]
[Result "1-0"]
[Round "04"]
[TimeControl "180+1"]
[Date "2022.02.15"]
[WhiteClock "0:00:15"]
[BlackClock "0:00:01"]

1. e4 c6 2. d4 d5 3. Nc3 dxe4 4. Nxe4 Bf5 5. Ng3 Bg6 6. h4 h6 7. Nf3 Nd7 8. h5 Bh7 9. Bd3 Bxd3 10. Qxd3 Ngf6 11. Bd2 Qc7 12. O-O-O e6 13. Kb1 Bd6 14. Ne4 Nxe4 15. Qxe4 Nf6 16. Qe2 a6 17. c4 O-O-O 18. c5 Bf8 19. g3 Nd5 20. Ne5 Kb8 21. Nc4 Qe7 22. Ba5 Rc8 23. Nd6 Qd7 24. Nxc8 Qxc8 25. Rd3 Ka8 26. Rb3 Be7 27. Rd1 Bf6 28. f4 g6 29. Rdd3 g5 30. fxg5 hxg5 31. Rd1 Bg7 32. Rf3 Qd7 33. g4 Nf4 34. Qf1 Bxd4 35. Bb6 Qd5 36. Ra3 Kb8 37. Rxa6 Qe4+ 38. Ka1 Ne2 39. Ra3 Qc2 40. Rb3 Rd8 41. Rb1 Rd5 42. Qxf7 1-0


[Site "https://www.chess.com"]

[Event "Titled Tuesday Blitz February 15 Early 2022"]
[White "Tuleyeva-Aketayeva, Dana"]
[Black "Mirzanurov, Bulat"]
[WhiteFideId "13701932"]
[BlackFideId "4184521"]
[WhiteElo "1944"]
[BlackElo "2116"]
[Result "0-1"]
[Round "04"]
[TimeControl "180+1"]
[Date "2022.02.15"]
[WhiteClock "0:00:01"]
[BlackClock "0:00:06"]

1. d4 Nf6 2. Nf3 e6 3. g3 d5 4. c4 c5 5. Bg2 Nc6 6. O-O Be7 7. Na3 O-O 8. b3 dxc4 9. Nxc4 cxd4 10. Nfe5 Nxe5 11. Nxe5 Bc5 12. Nd3 Bb6 13. Bb2 Nd5 14. Rc1 Qd6 15. Rc4 e5 16. Ba3 Qxa3 17. Bxd5 Qd6 18. Bg2 Be6 19. Rc2 Bd5 20. f3 Rac8 21. Qd2 f5 22. Rfc1 Rxc2 23. Rxc2 Kh8 24. Kh1 e4 25. Nf4 exf3 26. exf3 Re8 27. Nxd5 Qxd5 28. f4 Qd6 29. Bf3 h6 30. Kg2 Re3 31. Rc8+ Kh7 32. Qc2 d3 33. Qd2 Qd4 34. Rc4 Qd6 35. g4 fxg4 0-1


[Site "https://www.chess.com"]

[Event "Titled Tuesday Blitz February 15 Early 2022"]
[White "Urazayev, Arystanbek"]
[Black "Gabdrakhmanov, Azat"]
[WhiteFideId "13709810"]
[BlackFideId "34189197"]
[WhiteElo "2321"]
[BlackElo "2279"]
[Result "1-0"]
[Round "04"]
[TimeControl "180+1"]
[Date "2022.02.15"]
[WhiteClock "0:00:52"]
[BlackClock "0:00:01"]

1. d4 Nf6 2. c4 g6 3. Nc3 Bg7 4. e4 O-O 5. h4 c5 6. d5 d6 7. h5 e6 8. hxg6 hxg6 9. Bg5 exd5 10. Nxd5 Be6 11. Qf3 Bxd5 12. exd5 Nbd7 13. Be2 Re8 14. Qh3 Re5 15. f4 Re4 16. Kf1 Qe8 17. Rd1 Re3 18. Bf3 Nh5 19. Ne2 f6 20. Bh4 Qe7 21. Bf2 Rxe2 22. Bxe2 Nxf4 23. Qf3 g5 24. Bd3 f5 25. Bxf5 Ne5 26. Qe4 Rf8 27. g3 Nfg6 28. Be6+ Rf7 29. Kg2 Kf8 30. Be3 Rf6 31. Bxg5 1-0


[Site "https://www.chess.com"]

[Event "Titled Tuesday Blitz February 15 Early 2022"]
[White "Urbina Perez, Juan Antonio"]
[Black "Glidzhain, Gor"]
[WhiteFideId "2217368"]
[BlackFideId "24109932"]
[WhiteElo "2192"]
[BlackElo "2229"]
[Result "1-0"]
[Round "04"]
[TimeControl "180+1"]
[Date "2022.02.15"]
[WhiteClock "0:00:17"]
[BlackClock "0:00:10"]

1. d4 Nf6 2. Nf3 g6 3. c4 Bg7 4. Nc3 O-O 5. e4 d6 6. h3 c5 7. d5 e6 8. Be2 exd5 9. exd5 h6 10. O-O Na6 11. Bf4 Nc7 12. Re1 a6 13. a4 Kh7 14. Qc1 Bf5 15. Nd2 Re8 16. Bf1 Qd7 17. Nf3 Ne4 18. Nxe4 Bxe4 19. Be2 b5 20. axb5 axb5 21. Rxa8 Rxa8 22. Nd2 Bf5 23. g4 g5 24. Bg3 Bg6 25. Nf1 Ra2 26. b3 b4 27. Qe3 Bc3 28. Rd1 Ne8 29. Bd3 Nf6 30. Bxg6+ Kxg6 31. Qd3+ Kg7 32. Ne3 h5 33. Nf5+ Kg8 34. Nh6+ Kg7 35. Nf5+ Kf8 36. Qe3 Nh7 37. Bxd6+ Kg8 38. Ne7+ Kg7 39. Be5+ f6 40. Bxc3 bxc3 41. Nf5+ Kf7 42. Qxc3 hxg4 43. hxg4 Nf8 44. Re1 Ng6 45. Re6 Ne5 46. Re7+ Qxe7 47. Nxe7 Kxe7 48. b4 cxb4 49. Qxb4+ Kf7 50. d6 Ke6 51. c5 Ra1+ 52. Kg2 Nxg4 53. Qxg4+ 1-0


[Site "https://www.chess.com"]

[Event "Titled Tuesday Blitz February 15 Early 2022"]
[White "Vakhlamov, Igor L."]
[Black "Djokic, Mihailo"]
[WhiteFideId "24126748"]
[BlackFideId "976440"]
[WhiteElo "2401"]
[BlackElo "2008"]
[Result "0-1"]
[Round "04"]
[TimeControl "180+1"]
[Date "2022.02.15"]
[WhiteClock "0:00:05"]
[BlackClock "0:00:34"]

1. e4 c5 2. Nf3 d6 3. Nc3 Nf6 4. d4 cxd4 5. Qxd4 a6 6. e5 Nc6 7. Qa4 Nd7 8. exd6 Nc5 9. Qh4 Qxd6 10. Bf4 Qf6 11. Qxf6 gxf6 12. Nd5 Ne6 13. Nb6 Nxf4 14. Nxa8 Bf5 15. O-O-O Bh6 16. Nc7+ Kf8 17. Kb1 Kg7 18. Nd5 Rd8 19. Bc4 Nxd5 20. Rxd5 Bxc2+ 21. Ka1 b5 22. Rxd8 Nxd8 23. Bb3 Bf5 24. Nd4 Bd7 25. Rd1 Nb7 26. Bc2 Nd6 27. a3 Bf4 28. g3 Be5 29. f4 Bxd4 30. Rxd4 f5 31. Rd5 Kf6 32. Rc5 Ne8 33. b4 h6 34. Kb2 e6 35. Bd3 Ke7 36. a4 Nd6 37. a5 Kd8 38. Rc1 f6 39. Re1 Kc7 40. Kc3 Nc8 41. Kd4 Kd6 42. Bf1 Ne7 43. Bg2 Bc6 44. Bxc6 Nxc6+ 45. Kc3 Ne7 46. Rc1 Nd5+ 47. Kb3 e5 48. fxe5+ fxe5 49. Rc8 f4 50. gxf4 exf4 51. Rh8 f3 52. Rxh6+ Ke5 53. Rh3 Ke4 54. Rh8 f2 55. Re8+ Kf3 56. Rf8+ Nf4 57. Rxf4+ Kxf4 0-1


[Site "https://www.chess.com"]

[Event "Titled Tuesday Blitz February 15 Early 2022"]
[White "Valle Maytin, Luis Enrique"]
[Black "Sarkar, Justin"]
[WhiteFideId "3503666"]
[BlackFideId "2010011"]
[WhiteElo "1993"]
[BlackElo "2038"]
[Result "1-0"]
[Round "04"]
[TimeControl "180+1"]
[Date "2022.02.15"]
[WhiteClock "0:01:36"]
[BlackClock "0:00:02"]

1. e4 e5 2. Nf3 Nc6 3. Bb5 a6 4. Ba4 Nf6 5. O-O Be7 6. c3 Nxe4 7. Re1 Nc5 8. Bxc6 dxc6 9. Nxe5 Nd3 10. Nxd3 Qxd3 11. Re3 Qd6 12. d4 O-O 13. Nd2 Re8 14. Ne4 Qd8 15. Re1 Bf5 16. Ng3 Bg6 17. Bf4 Qd7 18. Qd2 h5 19. h3 h4 20. Nf1 f6 21. Nh2 Bf7 22. Be3 Qf5 23. Nf3 g5 24. Nh2 Bd6 25. Ng4 Kg7 26. Rf1 Bd5 27. f4 Qe4 28. fxg5 fxg5 29. Bxg5 Qe2 30. Bf6+ Kf7 31. Be5+ 1-0


[Site "https://www.chess.com"]

[Event "Titled Tuesday Blitz February 15 Early 2022"]
[White "Varney, Zoe"]
[Black "Dauner, Benedikt"]
[WhiteFideId "436135"]
[BlackFideId "16225899"]
[WhiteElo "1808"]
[BlackElo "2230"]
[Result "0-1"]
[Round "04"]
[TimeControl "180+1"]
[Date "2022.02.15"]
[WhiteClock "0:01:47"]
[BlackClock "0:01:31"]

1. e4 Nf6 2. e5 Nd5 3. d4 d6 4. c4 Nb6 5. f4 dxe5 6. fxe5 Nc6 7. Nf3 Bg4 8. Be3 e6 9. Be2 Bxf3 10. Bxf3 Nxc4 11. Qa4 Nxe3 12. Bxc6+ bxc6 13. Qxc6+ Ke7 14. Qc5+ Kd7 15. Qb5+ c6 16. Qb7+ Qc7 17. Qxa8 Bb4+ 18. Ke2 Rxa8 19. Kxe3 Rb8 20. a3 Be7 21. b4 a5 22. bxa5 Rb3+ 23. Ke2 Qxa5 24. Nd2 Rb2 25. Rhd1 Bg5 0-1


[Site "https://www.chess.com"]

[Event "Titled Tuesday Blitz February 15 Early 2022"]
[White "Viani Antonio Dcunha"]
[Black "Svidler, Peter"]
[WhiteFideId "5027330"]
[BlackFideId "4102142"]
[WhiteElo "2366"]
[BlackElo "2725"]
[Result "1-0"]
[Round "04"]
[TimeControl "180+1"]
[Date "2022.02.15"]
[WhiteClock "0:00:14"]
[BlackClock "0:00:12"]

1. e4 c5 2. Nf3 d6 3. d4 cxd4 4. Nxd4 Nf6 5. Nc3 a6 6. Be2 e6 7. O-O Be7 8. f4 Nc6 9. Be3 O-O 10. Qe1 Nxd4 11. Bxd4 b5 12. a3 Bb7 13. Bf3 Rc8 14. Rd1 Qc7 15. Kh1 Nd7 16. Qg3 Bf6 17. Bxf6 Nxf6 18. Rf2 Nd7 19. Rfd2 Nb6 20. Rxd6 Nc4 21. Rd7 Qb6 22. f5 exf5 23. exf5 Bxf3 24. Qxf3 Ne5 25. Nd5 Qc5 26. Ne7+ Qxe7 27. Rxe7 Nxf3 28. gxf3 Rxc2 29. b4 g6 30. fxg6 hxg6 31. Red7 Ra2 32. R7d3 Kg7 33. R1d2 Ra1+ 34. Kg2 Re8 35. Rc2 Re6 36. Kf2 Ree1 37. Rc6 Rf1+ 38. Kg2 Rg1+ 39. Kf2 Raf1+ 40. Ke2 Re1+ 41. Kf2 Ref1+ 42. Ke2 Ra1 43. Rxa6 Rg2+ 44. Ke3 Rxh2 45. Rd5 Re1+ 46. Kf4 Rh4+ 47. Kg3 Rc4 48. Rxb5 f5 49. Rbb6 Rg1+ 50. Kf2 Rcc1 51. Rc6 Rcf1+ 52. Ke2 Re1+ 53. Kf2 f4 54. Rxg6+ 1-0


[Site "https://www.chess.com"]

[Event "Titled Tuesday Blitz February 15 Early 2022"]
[White "Vidit, Santosh Gujrathi"]
[Black "Vaishali, Rameshbabu"]
[WhiteFideId "5029465"]
[BlackFideId "5091756"]
[WhiteElo "2654"]
[BlackElo "2343"]
[Result "1-0"]
[Round "04"]
[TimeControl "180+1"]
[Date "2022.02.15"]
[WhiteClock "0:00:06"]
[BlackClock "0:00:01"]

1. Nf3 Nf6 2. g3 c5 3. Bg2 Nc6 4. O-O e5 5. e4 d6 6. c3 Be7 7. d3 O-O 8. a3 a6 9. b4 b5 10. Re1 Re8 11. Bb2 Bf8 12. Nbd2 Bb7 13. d4 cxd4 14. cxd4 exd4 15. Nxd4 Ne5 16. Qb3 d5 17. Rad1 Rc8 18. Nf5 g6 19. Ne3 d4 20. Nd5 Nxd5 21. exd5 Nc4 22. Rxe8 Qxe8 23. Ne4 Bg7 24. Bxd4 Bxd4 25. Rxd4 Qe5 26. Rd1 Re8 27. a4 Kg7 28. axb5 axb5 29. Qc3 Qxc3 30. Nxc3 Nd6 31. Bf1 Rb8 32. f3 Bc8 33. Kf2 Bd7 34. Bd3 Rc8 35. Ne4 Nf5 36. Nc5 Rc7 37. Bxf5 Bxf5 38. d6 Ra7 39. g4 1-0


[Site "https://www.chess.com"]

[Event "Titled Tuesday Blitz February 15 Early 2022"]
[White "Vine, Elzbieta"]
[Black "Maung, Maung Kyaw Zaw Hein"]
[WhiteFideId "1119320"]
[BlackFideId "13001698"]
[WhiteElo "1805"]
[BlackElo "1785"]
[Result "1-0"]
[Round "04"]
[TimeControl "180+1"]
[Date "2022.02.15"]
[WhiteClock "0:00:10"]
[BlackClock "0:00:02"]

1. e4 c6 2. f4 d5 3. e5 c5 4. Nf3 Nc6 5. Bb5 Bg4 6. O-O e6 7. h3 Bxf3 8. Qxf3 Ne7 9. d3 a6 10. Ba4 b5 11. f5 exf5 12. Bb3 c4 13. dxc4 dxc4 14. Rd1 Qc8 15. a4 cxb3 16. cxb3 g6 17. Bg5 b4 18. Rc1 Qd7 19. Bxe7 Bxe7 20. Qxc6 Qxc6 21. Rxc6 Kd7 22. Rc4 Ke6 23. Nd2 Kxe5 24. Re1+ Kf6 25. Rc6+ Kg7 26. Rxe7 Rhd8 27. Nf3 f4 28. Rcc7 Rf8 29. Rb7 Rad8 30. Rxb4 Rd1+ 31. Kh2 Kf6 32. Ra7 Rc8 33. Rxa6+ Kg7 34. Rxf4 f5 35. Ra7+ Kf6 36. Rc4 Re8 37. Rxh7 g5 38. Rc6+ Re6 39. Rh6+ 1-0


[Site "https://www.chess.com"]

[Event "Titled Tuesday Blitz February 15 Early 2022"]
[White "Visakh N R"]
[Black "Gurevich, Dmitry"]
[WhiteFideId "25012223"]
[BlackFideId "2000407"]
[WhiteElo "2454"]
[BlackElo "2506"]
[Result "1-0"]
[Round "04"]
[TimeControl "180+1"]
[Date "2022.02.15"]
[WhiteClock "0:00:07"]
[BlackClock "0:00:02"]

1. e4 c5 2. Nf3 d6 3. d4 cxd4 4. Nxd4 Nf6 5. Nc3 Nc6 6. Nb3 g6 7. Be2 Bg7 8. O-O O-O 9. Re1 a6 10. Bf1 b5 11. Nd5 Bb7 12. c3 e6 13. Nxf6+ Bxf6 14. Bf4 Ne5 15. Qd2 Qc7 16. Rad1 Rfd8 17. Bg5 Bxg5 18. Qxg5 Kg7 19. Qf4 h6 20. Re3 Rac8 21. Rh3 g5 22. Qd2 d5 23. exd5 Bxd5 24. Nd4 Bxa2 25. f4 Ng6 26. fxg5 h5 27. Qf2 Qe5 28. Rf3 Rf8 29. Re1 Qxg5 30. b3 Ne5 31. Rg3 Ng4 32. Qxa2 h4 33. Rf3 Ne5 34. Rfe3 Ng4 35. Re4 Rxc3 36. Qe2 Nf6 37. Rxe6 Rd8 38. Re5 Qf4 39. Nf5+ Kh7 40. Re7 Rd2 41. Rxf7+ Kg6 42. Rxf6+ Kxf6 43. Qe7+ Kxf5 44. Qf7+ Kg5 45. Qg7+ Kh5 46. Qh7+ Kg5 47. Qg7+ Kf5 48. Qf8+ Kg5 49. Qg8+ Kf5 50. Qe6+ Kg5 51. Re5+ Qxe5 52. Qxe5+ Kh6 53. Qxc3 1-0


[Site "https://www.chess.com"]

[Event "Titled Tuesday Blitz February 15 Early 2022"]
[White "Viskelis, Darius"]
[Black "Klukin, Kirill"]
[WhiteFideId "12800830"]
[BlackFideId "24199273"]
[WhiteElo "1999"]
[BlackElo "2324"]
[Result "0-1"]
[Round "04"]
[TimeControl "180+1"]
[Date "2022.02.15"]
[WhiteClock "0:00:02"]
[BlackClock "0:00:29"]

1. e4 d6 2. d4 Nd7 3. Nc3 e5 4. Nf3 c6 5. Bc4 Be7 6. a4 Ngf6 7. O-O O-O 8. Qe2 Qc7 9. h3 a5 10. Bg5 h6 11. Bh4 Re8 12. Rad1 Bf8 13. dxe5 dxe5 14. Rd2 Nh5 15. Bg3 Qb6 16. Kh2 Nxg3 17. fxg3 Nf6 18. Nh4 Qxb2 19. Nd1 Qb4 20. Ne3 Be6 21. Bxe6 Rxe6 22. Nhf5 Nxe4 23. Rd7 Rf6 24. Ng4 Rg6 25. c3 Qxa4 26. c4 Nc5 27. Rxf7 e4 28. Ne7+ Bxe7 29. Rxe7 Qa3 30. Rff7 h5 31. Ne3 Rf8 32. Qxh5 Rxf7 33. Re8+ Rf8 34. Qxg6 Qxe3 35. Rxf8+ Kxf8 36. Qd6+ Kf7 0-1


[Site "https://www.chess.com"]

[Event "Titled Tuesday Blitz February 15 Early 2022"]
[White "Voege, Tobias"]
[Black "Fajdetic, Hrvoje"]
[WhiteFideId "1270513"]
[BlackFideId "14501945"]
[WhiteElo "2335"]
[BlackElo "2140"]
[Result "1-0"]
[Round "04"]
[TimeControl "180+1"]
[Date "2022.02.15"]
[WhiteClock "0:00:18"]
[BlackClock "0:00:07"]

1. d4 e6 2. c4 f5 3. g3 Nf6 4. Bg2 Be7 5. Nf3 O-O 6. O-O d6 7. b3 Nc6 8. Bb2 Qe8 9. Nc3 Ne4 10. Nxe4 fxe4 11. Ne1 d5 12. f3 exf3 13. exf3 Bf6 14. Rf2 Ne7 15. f4 c6 16. Nd3 Nf5 17. Ne5 Ne3 18. Qe2 Nxg2 19. Kxg2 b6 20. Ba3 c5 21. cxd5 Bb7 22. dxc5 Bxd5+ 23. Kg1 Be7 24. Nd3 Qb5 25. Qe3 Rad8 26. Bb2 bxc5 27. Ne5 c4 28. bxc4 Bxc4 29. Qc3 Bd5 30. a4 Qc5 31. Nc6 Qxc3 32. Nxe7+ Kf7 33. Bxc3 Kxe7 34. Bb4+ Kf6 35. Bxf8 Rxf8 36. Rc1 Rf7 37. Rb2 h5 38. Kf2 Kf5 39. Ke3 g5 40. fxg5 Kxg5 41. Rf2 Rb7 42. Ra1 Rb3+ 43. Kd4 h4 44. gxh4+ Kxh4 45. Rg1 Rb4+ 46. Ke5 Re4+ 47. Kd6 Rxa4 48. Rf8 Kh3 49. Rh8+ Rh4 50. Rxh4+ Kxh4 51. Rg3 a5 52. Kc5 a4 53. Kb4 Bb3 54. Re3 Kh5 55. Re4 Kg5 56. h4+ Kh5 57. Rf4 1-0


[Site "https://www.chess.com"]

[Event "Titled Tuesday Blitz February 15 Early 2022"]
[White "Vovk, Orest"]
[Black "Topalov, Aleksandar"]
[WhiteFideId "14113490"]
[BlackFideId "925659"]
[WhiteElo "2203"]
[BlackElo "2098"]
[Result "1-0"]
[Round "04"]
[TimeControl "180+1"]
[Date "2022.02.15"]
[WhiteClock "0:01:19"]
[BlackClock "0:00:11"]

1. h4 d5 2. h5 h6 3. e4 dxe4 4. Nc3 Nf6 5. Qe2 Nbd7 6. Nxe4 Nxe4 7. Qxe4 Nf6 8. Qd3 Bd7 9. Nf3 Bc6 10. Qxd8+ Rxd8 11. Ne5 Bd5 12. d3 b6 13. Bf4 e6 14. a3 Bd6 15. O-O-O O-O 16. Rg1 c5 17. g4 Bxe5 18. Bxe5 Bf3 19. Bxf6 gxf6 20. Re1 Rd4 21. Be2 Bxe2 22. Rxe2 Rf4 23. Rg2 Rd8 24. Re4 Rd4 25. Rxf4 Rxf4 26. Kd2 Kf8 27. Ke3 e5 28. f3 c4 29. dxc4 Rxc4 30. c3 Ke7 31. Rd2 Rc5 32. Rd3 Rc4 33. b3 Rc5 34. c4 a5 35. a4 Rc6 36. Ke4 Rc8 37. Rd5 Rc6 38. Kf5 Rc5 39. Ke4 Rc6 40. Rb5 Kd6 41. c5+ Rxc5 42. Rxb6+ Rc6 43. Rxc6+ Kxc6 44. Kf5 Kc5 45. Kxf6 Kb4 46. g5 Kxb3 47. gxh6 Kxa4 48. h7 1-0


[Site "https://www.chess.com"]

[Event "Titled Tuesday Blitz February 15 Early 2022"]
[White "Vusatiuk, Vladimir"]
[Black "Kornyukov, Alexey"]
[WhiteFideId "14118610"]
[BlackFideId "4150457"]
[WhiteElo "2157"]
[BlackElo "2303"]
[Result "1-0"]
[Round "04"]
[TimeControl "180+1"]
[Date "2022.02.15"]
[WhiteClock "0:00:33"]
[BlackClock "0:01:22"]

1. d4 d5 2. c4 e6 3. Nc3 Be7 4. cxd5 exd5 5. Bf4 Nf6 6. e3 O-O 7. Bd3 c5 8. dxc5 Bxc5 9. Nge2 Nc6 10. O-O Bg4 11. f3 Be6 12. Na4 Bd6 13. Rc1 Rc8 14. Nc5 Bxc5 15. Rxc5 Nb4 16. Rxc8 Bxc8 17. Bb1 Be6 18. Nd4 Nc6 19. Nxc6 bxc6 20. Qc2 g6 21. Qxc6 Nd7 22. Qc3 Qf6 23. Qxf6 Nxf6 24. Be5 Nd7 25. Bd4 Nb6 26. Rc1 Rc8 27. Rxc8+ Bxc8 28. b3 Bf5 29. Bxf5 gxf5 30. Bxb6 axb6 31. Kf2 Kf8 32. Kg3 Ke7 33. Kf4 Kf6 34. a4 Ke6 35. b4 f6 36. h4 h5 37. g3 d4 38. exd4 Kd5 39. a5 b5 40. Kxf5 Kxd4 41. a6 1-0


[Site "https://www.chess.com"]

[Event "Titled Tuesday Blitz February 15 Early 2022"]
[White "Wagh Suyog"]
[Black "Matveeva, Olga"]
[WhiteFideId "25071688"]
[BlackFideId "24107018"]
[WhiteElo "2181"]
[BlackElo "2083"]
[Result "1-0"]
[Round "04"]
[TimeControl "180+1"]
[Date "2022.02.15"]
[WhiteClock "0:02:09"]
[BlackClock "0:00:15"]

1. e4 e6 2. d4 d5 3. Bd3 c5 4. exd5 exd5 5. Nf3 Nf6 6. O-O c4 7. Be2 Bd6 8. b3 cxb3 9. axb3 O-O 10. c4 b6 11. Nc3 Bb7 12. Bg5 dxc4 13. bxc4 h6 14. Bh4 Nbd7 15. d5 Re8 16. Nd4 Nc5 17. Nf5 Bf8 18. Nb5 a6 19. Nbd4 g6 20. Ne3 Bg7 21. Rb1 Qd6 22. Bg3 Qd8 23. Nc6 Bxc6 24. dxc6 Nfe4 25. Nd5 Nxg3 26. hxg3 b5 27. cxb5 axb5 28. Bxb5 Re5 29. Bc4 Ne4 30. c7 Qc8 31. Qd4 Rxd5 32. Qxd5 1-0


[Site "https://www.chess.com"]

[Event "Titled Tuesday Blitz February 15 Early 2022"]
[White "Yang, Kaiqi"]
[Black "Siva Mahadevan"]
[WhiteFideId "8604398"]
[BlackFideId "25043153"]
[WhiteElo "2373"]
[BlackElo "2203"]
[Result "1-0"]
[Round "04"]
[TimeControl "180+1"]
[Date "2022.02.15"]
[WhiteClock "0:00:05"]
[BlackClock "0:00:18"]

1. c4 Nf6 2. g3 g6 3. Bg2 Bg7 4. Nc3 O-O 5. d4 d6 6. Nf3 Nbd7 7. O-O e5 8. h3 c6 9. e4 Qa5 10. Re1 exd4 11. Nxd4 Ne5 12. Bf1 Qb6 13. Kh1 c5 14. Nc2 Be6 15. Ne3 Rfe8 16. b3 Nc6 17. Rb1 Nd4 18. Bg2 Rad8 19. f4 Nh5 20. Kh2 Qa6 21. Qd2 f5 22. Ned5 Qa5 23. Bb2 Bxd5 24. exd5 Nf6 25. Rxe8+ Rxe8 26. Re1 Rxe1 27. Qxe1 Kf7 28. Qe3 Qd8 29. Nb5 Nxb5 30. Qe6+ Kf8 31. cxb5 Ne8 32. Bc1 Nc7 33. Qe2 Qe7 34. Qxe7+ Kxe7 35. a4 a6 36. bxa6 Nxa6 37. Bd2 Kd7 38. g4 fxg4 39. hxg4 Nc7 40. Be4 Ne8 41. g5 Nc7 42. Kg3 b5 43. axb5 Nxb5 44. f5 Nd4 45. f6 Bf8 46. b4 cxb4 47. Bxb4 Ne2+ 48. Kf2 Nf4 49. Kf3 Nh3 50. Kg4 Nf2+ 51. Kf4 Nxe4 52. Kxe4 h6 53. gxh6 Bxh6 54. Kf3 Bf8 55. Kg4 Ke8 56. Kg5 Kf7 57. Bc3 1-0


[Site "https://www.chess.com"]

[Event "Titled Tuesday Blitz February 15 Early 2022"]
[White "Yuan, Qingyu"]
[Black "Petesch, Gabriel"]
[WhiteFideId "8609772"]
[BlackFideId "2032465"]
[WhiteElo "2359"]
[BlackElo "2374"]
[Result "1-0"]
[Round "04"]
[TimeControl "180+1"]
[Date "2022.02.15"]
[WhiteClock "0:00:47"]
[BlackClock "0:00:10"]

1. Nf3 Nf6 2. g3 g6 3. b3 Bg7 4. Bb2 O-O 5. Bg2 d5 6. c4 dxc4 7. bxc4 c5 8. O-O Nc6 9. d3 Qc7 10. Nc3 Bd7 11. Rb1 Rad8 12. Qc1 b6 13. Rd1 e6 14. a3 Bc8 15. Qg5 h6 16. Qc1 Bb7 17. Nb5 Qb8 18. Bxf6 Bxf6 19. Qxh6 Ne7 20. Ng5 Bxg5 21. Qxg5 Rd7 22. h4 Bxg2 23. Kxg2 Qb7+ 24. Kg1 f6 25. Qg4 Kf7 26. Nc3 Rd4 27. Ne4 Nf5 28. Nxc5 Rxg4 29. Nxb7 Nxh4 30. Nd6+ Ke7 31. c5 Nf5 32. Nxf5+ gxf5 33. cxb6 axb6 34. Rxb6 f4 35. Rc1 f5 36. Rcc6 fxg3 37. Rxe6+ Kd7 38. Rh6 g2 39. Rh7+ Kc8 1-0


[Site "https://www.chess.com"]

[Event "Titled Tuesday Blitz February 15 Early 2022"]
[White "parintele_chess"]
[Black "Tsyhanchuk, Stanislav"]
[BlackFideId "13505130"]
[WhiteElo "2196"]
[BlackElo "2078"]
[Result "0-1"]
[Round "04"]
[TimeControl "180+1"]
[Date "2022.02.15"]
[WhiteClock "0:00:22"]
[BlackClock "0:00:23"]

1. d4 d5 2. Bf4 Bf5 3. Nf3 Nf6 4. e3 e6 5. Bd3 Bg6 6. O-O Nbd7 7. c3 Ne4 8. Ne5 Nxe5 9. Bxe5 c6 10. f3 Nf6 11. Bxg6 hxg6 12. Nd2 Bd6 13. f4 Be7 14. Qb3 Qb6 15. h3 O-O 16. Bxf6 Bxf6 17. Nf3 Rfc8 18. Ne5 c5 19. Kh1 Qxb3 20. axb3 cxd4 21. exd4 Rc7 22. Ra2 a6 23. Ra4 Rac8 24. Rb4 b5 25. c4 dxc4 26. bxc4 Bxe5 27. fxe5 Rxc4 28. Rxc4 Rxc4 29. Ra1 Rxd4 30. Rxa6 g5 31. Ra8+ Kh7 32. g4 Rd5 33. Kg2 Rxe5 34. Kg3 Kg6 35. h4 Re3+ 36. Kf2 Rh3 37. h5+ Kf6 38. b4 Rb3 39. Rb8 Rxb4 40. Kf3 Rb3+ 41. Kg2 b4 42. Kh2 Rb2+ 43. Kg3 b3 44. Rb5 Rb1 45. Kg2 b2 46. Kh2 Ke7 47. Rb6 e5 48. Kg2 e4 49. Rb4 e3 50. Re4+ Kd6 51. Rxe3 Rg1+ 52. Kxg1 b1=Q+ 53. Kf2 Qc2+ 54. Re2 Qc5+ 55. Kg3 Qc3+ 56. Kf2 Qd4+ 57. Kf3 Qf4+ 58. Kg2 Qxg4+ 0-1


[Site "https://www.chess.com"]

[Event "Titled Tuesday Blitz February 15 Early 2022"]
[White "Abdrlauf, Elham"]
[Black "Mirzoev, Azer"]
[WhiteFideId "1533533"]
[BlackFideId "13400304"]
[WhiteElo "2334"]
[BlackElo "2525"]
[Result "1-0"]
[Round "05"]
[TimeControl "180+1"]
[Date "2022.02.15"]
[WhiteClock "0:00:07"]
[BlackClock "0:00:00"]

1. e4 e5 2. Nc3 Nc6 3. Bc4 Bc5 4. Qg4 g6 5. Qf3 Nf6 6. Nge2 Be7 7. d3 d6 8. h3 Be6 9. Bh6 Bxc4 10. dxc4 Nd7 11. O-O-O Bg5+ 12. Bxg5 Qxg5+ 13. Kb1 Qf6 14. Qe3 O-O-O 15. Nd5 Qe6 16. Nec3 a6 17. Na4 Kb8 18. Rd3 f5 19. Rhd1 fxe4 20. Qxe4 Rhf8 21. f3 Qf5 22. Qe3 Nd4 23. Qd2 Ne6 24. Qa5 e4 25. Rb3 Ka7 26. Nac3 exf3 27. Nb5+ Kb8 28. Nbxc7 Nec5 29. Nxa6+ Nxa6 30. Qxa6 Nc5 31. Qb6 Nxb3 32. Qc7+ Ka7 33. axb3 fxg2 34. Qb6+ 1-0


[Site "https://www.chess.com"]

[Event "Titled Tuesday Blitz February 15 Early 2022"]
[White "Al Mukhaini, Shima"]
[Black "Demin, Vladimir"]
[WhiteFideId "22005854"]
[BlackFideId "4167457"]
[WhiteElo "2406"]
[BlackElo "2471"]
[Result "0-1"]
[Round "05"]
[TimeControl "180+1"]
[Date "2022.02.15"]
[WhiteClock "0:00:03"]
[BlackClock "0:00:01"]

1. d4 Nf6 2. c4 e6 3. Nc3 d5 4. e3 Be7 5. Nf3 O-O 6. Bd3 dxc4 7. Bxc4 a6 8. O-O b5 9. Bb3 Bb7 10. Re1 c5 11. a4 c4 12. Bc2 b4 13. Ne2 b3 14. Bb1 Nc6 15. Nc3 Nb4 16. Ne5 Rc8 17. Qe2 Qc7 18. a5 Bd6 19. f4 Nfd5 20. Bd2 Nxc3 21. Bxc3 Nd5 22. Qh5 g6 23. Qh6 Nxc3 24. bxc3 Bxe5 25. fxe5 f6 26. exf6 Rxf6 27. Qh3 Rcf8 28. Qg3 Qf7 29. h3 Rf2 30. e4 Bc6 31. Kh2 Rd2 32. h4 Qf2 33. Qxf2 Rfxf2 34. Rg1 Rde2 35. Kg3 Kg7 36. Ra3 Kf6 37. Ra1 Ke7 38. Ra3 Rb2 39. Ra1 Rfe2 40. Kf3 Kd6 41. g4 Rf2+ 42. Kg3 Rfe2 43. Kf3 Bd7 44. h5 e5 45. dxe5+ Kxe5 46. hxg6 hxg6 47. Kg3 Re3+ 48. Kh4 Kf6 49. Rf1+ Kg7 50. Kg5 Bc6 51. Rf6 Bxe4 52. Bxe4 Rxe4 53. Rxg6+ Kf7 54. Rxa6 Rf2 55. Rh1 Re5+ 56. Kh4 b2 57. Kg3 Ree2 58. Rb6 Rg2+ 59. Kf4 Rgf2+ 60. Kg3 Rc2 61. Rh7+ Kg8 62. Rc7 Rf8 63. a6 Rxc3+ 64. Kh4 Rb3 0-1


[Site "https://www.chess.com"]

[Event "Titled Tuesday Blitz February 15 Early 2022"]
[White "Allahverdiyeva, Ayan"]
[Black "Rakhimgaliyev, Yerlan"]
[WhiteFideId "13412590"]
[BlackFideId "13705148"]
[WhiteElo "1910"]
[BlackElo "2261"]
[Result "0-1"]
[Round "05"]
[TimeControl "180+1"]
[Date "2022.02.15"]
[WhiteClock "0:00:04"]
[BlackClock "0:01:26"]

1. e4 e5 2. Nf3 d6 3. d4 exd4 4. Nxd4 Nf6 5. Nc3 Be7 6. Bf4 O-O 7. Qd2 Nc6 8. O-O-O Nxd4 9. Qxd4 a6 10. Kb1 b5 11. e5 dxe5 12. Qxe5 Bd6 13. Qe2 Re8 14. Qd2 b4 15. Ne2 Ne4 16. Qd4 c5 17. Qd5 Be6 18. Qh5 Qa5 19. a3 bxa3 20. Bxd6 axb2 21. Rd5 Qa1# 0-1


[Site "https://www.chess.com"]

[Event "Titled Tuesday Blitz February 15 Early 2022"]
[White "Andreikin, Dmitry"]
[Black "Samunenkov, Ihor"]
[WhiteFideId "4158814"]
[BlackFideId "14187086"]
[WhiteElo "2736"]
[BlackElo "2406"]
[Result "1-0"]
[Round "05"]
[TimeControl "180+1"]
[Date "2022.02.15"]
[WhiteClock "0:00:45"]
[BlackClock "0:00:04"]

1. d4 d5 2. c4 e6 3. Nc3 a6 4. cxd5 exd5 5. Nf3 Nf6 6. Bg5 Be6 7. e3 Nbd7 8. Bd3 Bd6 9. h3 c6 10. O-O Qc7 11. Ne2 Ne4 12. Bf4 O-O 13. Qc2 f5 14. Ng5 Nxg5 15. Bxg5 h6 16. Bf4 g5 17. Bxd6 Qxd6 18. f4 Qe7 19. Ng3 g4 20. Kh2 Qf6 21. Rh1 gxh3 22. Kg1 hxg2 23. Rh2 Rf7 24. Kf2 Kf8 25. Rg1 Ke7 26. Nh5 Qh8 27. Rhxg2 Nf6 28. Qe2 Ng4+ 29. Ke1 Rg8 30. Qc2 Qh7 31. Rxg4 Rxg4 32. Rxg4 Qh8 33. Rg6 Qe5 1-0


[Site "https://www.chess.com"]